 Dungeon Crawl Stone Soup version 0.21-a0-92-g7bf63f6 (webtiles) character file.

10644 Manul the Covert (level 11, -5/84 HPs)
             Began as a Spriggan Abyssal Knight on July 1, 2017.
             Was the Champion of Lugonu.
             Killed from afar by a wizard (20 damage)
             ... with a fireball
             ... while paralysed by a wizard
             ... on level 14 of the Dungeon.
             The game lasted 00:19:20 (10032 turns).

Manul the Covert (Spriggan Abyssal Knight)         Turns: 10032, Time: 00:19:21

Health: -5/84      AC:  6    Str: 13    XL:     11   Next: 38%
Magic:  18/18      EV:  4    Int: 14    God:    Lugonu [******]
Gold:   749        SH:  0    Dex: 19    Spells: 13/18 levels left

rFire    . . .     SeeInvis +   e - +4 dagger (elec)
rCold    . . .     Gourm    .   B - +0 buckler
rNeg     . . .     Faith    .   O - +0 steam dragon scales
rPois    +         Spirit   .   (helmet restricted)
rElec    .         Reflect  +   K - +0 cloak
rCorr    +         Harm     .   (gloves unavailable)
MR       +....                  (boots unavailable)
Stlth    ..........             m - +3 amulet of reflection
HPRegen  0.24/turn              t - ring of poison resistance
MPRegen  0.16/turn              p - ring of resist corrosion

@: paralysed, berserking, lethally poisoned (-5 -> -6), very quick
A: unfitting armour, see invisible, herbivore 3, speed 3, slow metabolism 2
a: Depart the Abyss, Bend Space, Banish, Corrupt, Enter the Abyss, Brand Weapon
With Distortion, Renounce Religion


You were on level 14 of the Dungeon.
You worshipped Lugonu.
Lugonu was exalted by your worship.
You were full.

You visited 1 branch of the dungeon, and saw 12 of its levels.
You visited the Abyss 1 time.
You also visited: Sewer.

You collected 1000 gold pieces.
You spent 251 gold pieces at shops.

Inventory:

Hand Weapons
 e - a +4 dagger of electrocution (weapon)
 h - a cursed -2 arbalest
 i - a +0 blowgun
Missiles
 j - 12 curare-tipped needles
 v - 50 poisoned needles
Armour
 B - a +0 buckler (worn)
 K - a +0 cloak (worn)
 M - the +0 robe of Juso {*Slow rN+ Regen+}
   (You bought it in a shop on level 8 of the Dungeon)

   It protects you from negative energy.
   It increases your rate of regeneration.
   It may slow you when you take damage.
 O - +0 steam dragon scales (worn)
 T - a +0 troll leather armour
Jewellery
 g - an uncursed ring of wizardry
 m - a +3 amulet of reflection (around neck)
 p - a ring of resist corrosion (right hand)
 t - a ring of poison resistance (left hand)
 u - an uncursed ring of protection from cold
Wands
 a - a wand of lightning (3/15)
 z - a wand of flame (9/48)
 E - a wand of paralysis (13/24)
 F - a wand of digging (17/24)
 H - a wand of iceblast (6/15)
 L - a wand of iceblast (5/15)
 U - a wand of polymorph (8/24)
 Z - a wand of flame (29/48)
Scrolls
 d - 4 scrolls of teleportation
 n - 3 scrolls of identify
 y - a scroll of fear
 A - a scroll of magic mapping
 C - a scroll of fog
 D - 2 scrolls of amnesia {unknown}
 I - a scroll of holy word {unknown}
 J - 2 scrolls of immolation {unknown}
 N - a scroll of enchant weapon
 R - 2 scrolls of remove curse
 V - 2 scrolls of enchant armour
 W - a scroll of blinking {unknown}
 X - a scroll of silence {unknown}
Potions
 b - a potion of agility
 k - 2 potions of haste
 l - a potion of might {unknown}
 q - 4 potions of curing
 r - 3 potions of mutation {unknown}
 s - 6 potions of heal wounds
 x - 2 potions of brilliance
 Q - 2 potions of lignification {unknown}
 S - a potion of resistance {unknown}
 Y - a potion of invisibility {unknown}
Books
 G - a book of Maledictions

   Spells                             Type                      Level
   a - Corona                         Hexes                        1
   b - Ensorcelled Hibernation        Hexes/Ice                    2
   c - Confuse                        Hexes                        3
   d - Tukima's Dance                 Hexes                        3
   e - Dazzling Spray                 Conjuration/Hexes            3
Comestibles
 c - 10 bread rations
 f - 13 fruits
 w - 4 royal jellies


   Skills:
 + Level 5.5 Fighting
 + Level 8.5 Short Blades
 + Level 2.1 Throwing
 * Level 2.7 Armour
 + Level 9.7 Dodging
 + Level 13.0 Stealth
 + Level 4.8 Shields
 - Level 4.0 Spellcasting
 - Level 6.1 Invocations
 + Level 3.3 Evocations


You had 13 spell levels left.
You knew the following spells:

 Your Spells              Type           Power        Failure   Level  Hunger
a - Ensorcelled Hibernat  Hex/Ice        #.....       34%         2    ##.....
b - Confuse               Hex            #.......     56%         3    ###....


Dungeon Overview and Level Annotations

Branches:
Dungeon (14/15)            Temple (0/1) D:6            Lair (0/6) D:10
    Orc (0/2) D:10         Vaults (0/5) D:14

Altars:
Elyvilon
Fedhas
Ru
Trog
Uskayaw
Wu Jian
Yredelemnul
Zin

Shops:
D:4 *   D:8 }**[[   D:9 [   D:10 =   D:11 !


Innate Abilities, Weirdness & Mutations

You are very small and have problems with some larger weapons.
You are too small for most types of armour.
You have supernaturally acute eyesight. (SInv)
You are a herbivore.
You cover ground extremely quickly.
You need consume almost no food.


Message History

You block the unseen horror's attack.
The wizard points at you and mumbles some strange words.
The orb of energy hits you!
* * * LOW HITPOINT WARNING * * *
The orb of energy explodes!
The mystic blast hits the unseen horror.
Okay, then.
A red film seems to cover your vision as you go berserk!
You feel yourself moving faster!
You feel mighty! The unseen horror misses you.
The wizard gestures at you while chanting.
You suddenly lose the ability to move!
You feel sick.
The unseen horror hits you but does no damage.
The wizard casts a spell.
The wizard blinks!
The unseen horror hits you.
* * * LOW HITPOINT WARNING * * *
The wizard points at you and mumbles some strange words.
The fireball explodes!
The fireball engulfs you!
You die...

.....................,,,,,,,,,,,,
...####...###........,,,,,,,,,,,,
#..# #...# #..#####.,***,,,,***,
#..# #...# #..# *,,* *,,,,* *,
#..# #...###..# *,,* *,,,,* *,
#..# #...##...# *,,* *,,,,* *,
#..# #####...#####*,,* *,,,,* *,
#..# *,,,+...#..§#*,,* *,,,,* *,
#$.# *,,,#...#.@x#*,,* *,,,,***,
#..######+#...#...#,,,***,,,,,,,,
........#,#...'.∩.#,,,,,,,,,,,,,,
......#,*,#...#.p.#,,,,,,,,,,,,,,
......#,*,#...#...#,******,,,,,,,
#..####,+,#...#...#,* *,,,,,,,
#..########...#####,* *,,,,,,,
#........?.........,******,,,,,,,
.D.................,,,,,,,,,,,,,,


You could see a wizard and an unseen horror (invisible).

Vanquished Creatures
  3 two-headed ogres
  An unseen horror (D:11)
  Maurice (D:8)
  2 centaur skeletons
  3 trolls
  2 slime creatures (D:7)
  Prince Ribbit (D:8)
  2 hippogriffs
  A vampire (D:10)
  A wyvern (D:10)
  4 yaks (D:10)
  Eustachio (D:9)
  A steam dragon (D:9)
  An acid dragon (D:10)
  A black bear (D:10)
  An ice beast (D:10)
  A sky beast (D:9)
  A phantom (D:10)
  A necrophage (D:10)
  An eye of draining (Abyss:2)
  5 centaurs
  3 ogres
  2 big kobolds
  A gnoll sergeant (D:9)
  2 bullfrogs
  A scorpion (D:6)
  9 killer bees
  19 wights
  A howler monkey (D:7)
  3 crimson imps
  A quasit (D:8)
  6 hounds
  8 orc priests
  4 jellies
  3 bullfrog skeletons
  2 iguanas
  Natasha (thrice) (D:4 D:7)
  8 orc wizards
  5 worker ants
  A hound skeleton (D:4)
  4 worker ant zombies
  A howler monkey skeleton (D:11)
  8 adders
  A shadow imp (D:9)
  9 oozes
  An adder zombie (D:5)
  2 worms
  4 dart slugs
  5 leopard geckos
  38 orcs
  5 ball pythons
  7 giant cockroaches
  7 goblins
  6 hobgoblins
  6 jackals
  22 kobolds
  5 quokkas
  9 bats
  13 frilled lizards
  A jackal skeleton (D:5)
  2 quokka skeletons
  6 rats
  A fungus (D:8)
280 creatures vanquished.

Vanquished Creatures (others)
  A cyclops (D:11)
  4 fungi (D:7)
  7 toadstools (D:7)
12 creatures vanquished.

Grand Total: 292 creatures vanquished

Notes
Turn   | Place    | Note
-------+----------+-------------------------------------------
     0 | Abyss:1  | Manul the Spriggan Abyssal Knight began the quest for the Orb.
     0 | Abyss:1  | Reached XP level 1. HP: 11/11 MP: 3/3
   117 | Abyss:2  | Noticed an iron imp
   137 | Abyss:2  | Noticed a chaos spawn
   155 | Abyss:2  | Noticed a fire bat
   159 | Abyss:2  | Noticed a small abomination
   223 | Abyss:2  | Noticed an ancient zyme
   241 | Abyss:2  | Noticed a large abomination
   259 | Abyss:2  | Noticed a wraith
   285 | Abyss:2  | Noticed an eye of draining
   302 | Abyss:2  | Killed an eye of draining
   302 | Abyss:2  | Reached skill level 3 in Stealth
   302 | Abyss:2  | Reached XP level 2. HP: 9/16 MP: 0/4
   302 | Abyss:2  | Reached XP level 3. HP: 12/20 MP: 0/5
   302 | Abyss:2  | Reached XP level 4. HP: 14/24 MP: 0/6
   308 | Abyss:2  | Noticed a neqoxec
   309 | Abyss:2  | Noticed a spatial vortex
   315 | D:1      | Escaped the Abyss
   691 | D:1      | Reached ** piety under Lugonu
   829 | D:1      | Reached skill level 4 in Stealth
   951 | D:2      | Reached XP level 5. HP: 24/28 MP: 7/7
  1165 | D:2      | You fall through a shaft for 2 floors!
  1816 | D:3      | Reached skill level 5 in Stealth
  2178 | D:3      | Reached *** piety under Lugonu
  2359 | D:4      | Reached XP level 6. HP: 33/33 MP: 8/8
  2426 | D:4      | Noticed Natasha
  2437 | D:4      | Killed Natasha
  2812 | D:4      | Reached skill level 6 in Stealth
  3197 | D:4      | Reached skill level 7 in Stealth
  3470 | D:4      | Reached skill level 5 in Dodging
  3686 | D:4      | Reached XP level 7. HP: 37/37 MP: 9/9
  3786 | D:4      | Found Zin's Purification Station.
  3801 | D:4      | Found a glowing silver altar of Zin.
  3939 | D:5      | Entered Level 5 of the Dungeon
  4035 | D:5      | Found a glowing drain.
  4064 | Sewer    | Entered a sewer
  4075 | Sewer    | Reached skill level 8 in Stealth
  4547 | D:5      | Reached skill level 1 in Evocations
  4569 | D:5      | Found a basalt altar of Yredelemnul.
  4578 | D:5      | Reached **** piety under Lugonu
  5234 | D:6      | Found a sacrificial altar of Ru.
  5236 | D:6      | Reached skill level 9 in Stealth
  5252 | D:6      | Found a staircase to the Ecumenical Temple.
  5443 | D:6      | Found a blossoming altar of Fedhas.
  5446 | D:6      | Found a bloodstained altar of Trog.
  5449 | D:6      | Found a hide-covered altar of Uskayaw.
  5549 | D:6      | Reached XP level 8. HP: 42/42 MP: 10/10
  5562 | D:6      | Reached skill level 1 in Shields
  5796 | D:6      | Reached skill level 5 in Short Blades
  6092 | D:7      | Noticed Natasha
  6103 | D:7      | Killed Natasha
  6103 | D:7      | Reached ***** piety under Lugonu
  6214 | D:7      | Noticed a slime creature
  6214 | D:7      | Noticed a slime creature
  6216 | D:7      | Killed a slime creature
  6262 | D:7      | Killed a slime creature
  6302 | D:7      | Reached XP level 9. HP: 46/46 MP: 13/13
  6345 | D:7      | Learned a level 2 spell: Ensorcelled Hibernation
  6536 | D:7      | Noticed Natasha
  6553 | D:7      | Killed Natasha
  6937 | D:8      | Found Feet's Assorted Antiques.
  7066 | D:8      | Reached skill level 1 in Spellcasting
  7074 | D:8      | Reached skill level 10 in Stealth
  7150 | D:8      | Noticed Prince Ribbit
  7154 | D:8      | Killed Prince Ribbit
  7185 | D:8      | Found Fuiket's Antique Armour Boutique.
  7185 | D:8      | Noticed Maurice
  7200 | D:8      | Killed Maurice
  7221 | D:8      | Bought an opalescent robe for 171 gold pieces
  7231 | D:8      | Identified the cursed +0 robe of Juso {*Slow rN+ Regen+} (You bought it in a shop on level 8 of the Dungeon)
  7288 | D:8      | Reached skill level 5 in Invocations
  7322 | D:8      | Noticed a two-headed ogre
  7384 | D:8      | Killed a two-headed ogre
  7384 | D:8      | Reached skill level 11 in Stealth
  7565 | D:8      | Reached skill level 1 in Throwing
  7594 | D:8      | Reached XP level 10. HP: 30/51 MP: 16/16
  7683 | D:8      | Found Zawkuc's Armour Shoppe.
  7870 | D:8      | Found Kojeehon's Assorted Antiques.
  7870 | D:8      | Found Noxoutz's Gadget Emporium.
  8079 | D:9      | Found Boxtunke's Armour Boutique.
  8082 | D:9      | Noticed Eustachio
  8115 | D:9      | Killed Eustachio
  8115 | D:9      | Reached skill level 5 in Fighting
  8414 | D:9      | Learned a level 3 spell: Confuse
  8547 | D:9      | Noticed a two-headed ogre
  8636 | D:9      | Killed a two-headed ogre
  8964 | D:10     | Entered Level 10 of the Dungeon
  9092 | D:10     | Reached skill level 1 in Armour
  9093 | D:10     | Noticed a two-headed ogre
  9176 | D:10     | Killed a two-headed ogre
  9176 | D:10     | Reached skill level 12 in Stealth
  9259 | D:10     | Found Kiuseuf's Jewellery Emporium.
  9278 | D:10     | Reached XP level 11. HP: 56/56 MP: 18/18
  9407 | D:10     | Found a staircase to the Lair.
  9580 | D:10     | Found a staircase to the Orcish Mines.
  9686 | D:11     | Reached ****** piety under Lugonu
  9749 | D:11     | Noticed an unseen horror
  9756 | D:11     | Found an ornate altar of the Wu Jian Council.
  9760 | D:11     | Found Anumoq's Distillery.
  9769 | D:11     | Killed an unseen horror
  9790 | D:11     | Bought a potion of heal wounds for 80 gold pieces
  9861 | D:11     | You fall through a shaft for 3 floors!
  9898 | D:14     | Noticed a five-headed hydra
  9942 | D:14     | Found a white marble altar of Elyvilon.
  9988 | D:14     | Reached skill level 13 in Stealth
 10004 | D:14     | Noticed an unseen horror
 10016 | D:14     | Found a gate to the Vaults.
 10016 | D:14     | Noticed a wizard
 10030 | D:14     | Paralysed by a wizard for 5 turns
 10032 | D:14     | Killed from afar by a wizard

Vault maps used:
D:1:      dpeg_arrival_stonehenge_8_columns, hangedman_feature_mirror,
          minmay_fountain_box, st_stairs_9
D:4:      zin_purify, first_bread, uniq_natasha
D:5:      nicolae_overflow_crystal_walls, portal_sewer_entry_f
D:6:      lemuel_crystal_altar, grunt_temple_overflow_diamond,
          minmay_temple_entry_steel_oval, small_statue_intersection
D:7:      cheibrodos_fertilizer, grunt_decor_cap, serial_bayou_pond_a
D:8:      serial_shops, shop, kennysheep_mini_moat, nicolae_shop_trees, shop,
          shop_fountains, grunt_ogre_cave, roderic_serpentine_path,
          minmay_gold_behind_fungi, uniq_maurice, uniq_prince_ribbit1
D:9:      serial_shops, nicolae_shop_temple_entry_statues_fountains,
          sword_in_stone
D:10:     lair_entry_dummy, orc_0_dummy, serial_shops, shop
D:11:     serial_shops, nicolae_shop_trees, kennysheep_mini, shop, basic_altar,
          minmay_radiant
D:14:     david_vaults_1, lab_entry_generic, elyvilon_altar_1, serial_shops,
          nicolae_shop_trees, uniq_louise
Sewer:    sewer_co_scattered_pipes

Skill      XL: |  1  2  3  4  5  6  7  8  9 10 11 |
---------------+----------------------------------+-----
Fighting       | 3 4 5 |  5.5
Dodging        | 4 5 6 7 8 9 |  9.7
Stealth        | 3 4 5 7 9 11 12 13 | 13.0
Invocations    | 2 4 5 6 |  6.1
Short Blades   | 3 4 6 7 8 |  8.5
Evocations     | 1 3 |  3.3
Shields        | 2 4 |  4.8
Spellcasting   | 3 4 |  4.0
Throwing       | 1 2 |  2.1
Armour         | 1 2 |  2.7

Action                   |  1- 3 |  4- 6 |  7- 9 | 10-12 || total
-------------------------+-------+-------+-------+-------++-------
Melee: Dagger            |    13 |   203 |   373 |   393 ||   982
 Fire: Blowgun           |       |       |     4 |     9 ||    13
Invok: Banish            |       |       |       |     1 ||     1
Evoke: Wand              |       |     3 |    11 |     6 ||    20
  Use: Scroll            |     2 |     4 |     4 |     6 ||    16
       Potion            |       |     2 |     3 |     5 ||    10
 Stab: Sleeping          |       |    16 |    18 |    20 ||    54
       Distracted        |       |     2 |     1 |     1 ||     4
  Eat: Bread ration      |       |       |     1 |     1 ||     2
Armor: Robe              |       |    15 |    14 |    11 ||    40
       Steam dragon scal |       |       |       |     7 ||     7
Dodge: Dodged            |     1 |   142 |   201 |   232 ||   576
Block: Other             |       |     8 |    20 |       ||    28
       Buckler           |       |       |    68 |   178 ||   246
       Reflection        |       |       |     2 |     8 ||    10
